 Dungeon Crawl Stone Soup version 0.26-a0-690-gcb57259078 (webtiles) character file.

Game seed: 17671897706817184967

51 somkeydreadnuts the Firebug (level 3, -3/24 HPs)
             Began as a Barachi Fire Elementalist on Oct 24, 2020.
             Killed by divine providence
             ... invoked by an orc priest
              (13 damage)
             ... on level 2 of the Dungeon.
             The game lasted 00:08:08 (2202 turns).

somkeydreadnuts the Firebug (BaFE)                  Turns: 2202, Time: 00:08:10

Health: -3/24      AC:  2    Str:  9    XL:     3   Next: 83%
Magic:  0/6        EV: 12    Int: 16    God:
Gold:   89         SH:  0    Dex: 12    Spells: 2/6 levels left

rFire    . . .     SeeInvis .   e - +0 club
rCold    . . .     Faith    .   (no shield)
rNeg     + . .     Spirit   .   a - +0 robe
rPois    .         Reflect  .   (no helmet)
rElec    .         Harm     .   (no cloak)
rCorr    .         Rampage  .   (no gloves)
MR       .....                  (no boots)
Stlth    ++........             (no amulet)
HPRegen  0.08/turn              o - ring of positive energy
MPRegen  0.10/turn              (no ring)

@: can't hop, slow
A: +LOS, swims, slowness 1, strong legs 1
a: Hop


You were on level 2 of the Dungeon.
You visited 1 branch of the dungeon, and saw 2 of its levels.

You collected 89 gold pieces.

Inventory:

Hand Weapons
 e - a +0 club (weapon)
Missiles
 f - 63 stones (quivered)
Armour
 a - a +0 robe (worn)
Jewellery
 o - a ring of positive energy (left hand)
Scrolls
 g - a scroll of amnesia {unknown}
 h - a scroll of fog {unknown}
 k - a scroll of remove curse {unknown}
 l - a scroll of identify {unknown}
 m - a scroll of enchant armour {unknown}
Potions
 b - 2 potions of curing {unknown}
 c - a potion of invisibility {unknown}
 d - 2 potions of might {unknown}
 i - 2 potions of ambrosia {unknown}
 j - a potion of heal wounds {unknown}
 n - a potion of resistance {unknown}


   Skills:
 - Level 0.1 Maces & Flails
 - Level 2.1 Dodging
 - Level 1.7 Stealth
 - Level 2.2 Spellcasting
 * Level 3.0 Conjurations
 + Level 4.0 Fire Magic


You had 2 spell levels left.
You knew the following spells:

 Your Spells              Type           Power        Failure   Level
a - Foxfire               Conj/Fire      ##..         4%          1
b - Conjure Flame         Conj/Fire      ##......     14%         3

Your spell library contained the following spells:

 Spells                   Type           Power        Failure   Level
 Inner Flame              Hex/Fire       #.......     26%         3
 Sticky Flame             Conj/Fire      ##......     43%         4
 Fireball                 Conj/Fire      ##........   78%         5


Dungeon Overview and Level Annotations

Branches:
Dungeon (2/15)

Altars:


Innate Abilities, Weirdness & Mutations

You can be seen from farther away. (+LOS)
You can swim through water.
You cover ground slowly.
You can hop short distances.


Message History

The foxfire hits the orc priest.
The orc priest is severely wounded.
The foxfire hits the orc priest but does no damage.
The orc priest is severely wounded.
The orc priest mumbles some strange prayers to Beogh against you.
Beogh smites you!
Ouch! That really hurt!
An orc priest is nearby!
The orc priest barely misses you.
Casting: Foxfire (safe; 4% risk of failure)
Confirm with . or Enter, or press ? or * to list all spells.
You conjure some foxfire!
You closely miss the orc priest.
The orc priest is severely wounded.
The foxfire hits the orc priest but does no damage.
The orc priest is severely wounded.
The orc priest invokes the aid of Beogh against you.
Beogh smites you!
Ouch! That really hurt!
You die...

#########
#.ool.o.#
#.#####o#
#)#
#l#########
#l...#
#o@v......#
.o.oo##.#
#.#######.#
#.#.#
#.#####.##
#
#........#
#####...##
#. ##.##
#.# #.# #.#
#.# #.#
##'##


You could see 2 orc priests, an orc wizard and a frilled lizard.

Vanquished Creatures
  An adder (D:2)
  2 dart slugs (D:1)
  An orc (D:2)
  A ball python (D:2)
  5 giant cockroaches
  3 goblins
  5 hobgoblins (D:1)
  4 jackals (D:2)
  6 kobolds
  3 bats
  2 frilled lizards (D:1)
  2 rats (D:1)
35 creatures vanquished.

Vanquished Creatures (others)
  105 foxfires
105 creatures vanquished.

Grand Total: 140 creatures vanquished

Notes
Turn   | Place    | Note
-------+----------+-------------------------------------------
     0 | D:1      | somkeydreadnuts the Barachi Fire Elementalist began the
                  | quest for the Orb.
     0 | D:1      | Reached XP level 1. HP: 13/13 MP: 3/3
   275 | D:1      | Reached XP level 2. HP: 18/19 MP: 0/5
   657 | D:1      | Reached skill level 4 in Fire Magic
   848 | D:1      | Reached XP level 3. HP: 24/24 MP: 4/6
  1421 | D:1      | Learned a level 3 spell: Conjure Flame
  2202 | D:2      | Killed from afar by an orc priest

Illustrated notes

Levels and vault maps discovered:
D:1:      scummos_arrival_forest, layout_loops_ring
D:2:      layout_loops_corners

Skill      XL: |  1  2  3 |
---------------+----------+-----
Fire Magic     | 4 |  4.0
Conjurations   | 2 3 |  3.0
Maces & Flails | |  0.1
Dodging        | |  2.1
Stealth        | |  1.7
Spellcasting   | |  2.2

Action                   || total
-------------------------++-------
Melee: Unarmed           ||     8
       Club              ||    19
 Cast: Foxfire           ||    65
       Conjure Flame     ||     1
 Abil: Hop               ||     1
Armor: Robe              ||     6
Dodge: Dodged            ||    31

Table legend: (Time is in decaauts)
 A = Elapsed time spent in this place.
 B = Non-inter-level travel time spent in this place.
 C = Inter-level travel time spent in this place.
 D = Time resting spent in this place.
 E = Time spent auto-exploring this place.
 F = Levels seen in this place.
 G = Mean time per level.
                   A        B        C        D        E       F      G
               +--------+--------+--------+--------+--------+-----+--------+
         Total |   2425 |   2425 |      0 |      0 |   1966 |   2 | 1212.5 |
       Dungeon |   2425 |   2425 |      0 |      0 |   1966 |   2 | 1212.5 |
               +--------+--------+--------+--------+--------+-----+--------+

Top non-repeatable levels by time:
     D:1: 1558 daAuts
     D:2: 866 daAuts
